Cogmind - Beta 10.2 @@@ ROGUE MODE // 2021.01.10 @ 16:21:10 Player: aoemica Result: Self-destructed Performance ------------- Evolutions (4) 2000 Regions Visited (25) 5000 Robots Destroyed (536) 2680 Value Destroyed (23243) 23243 Prototype IDs (73) 1460 Alien Tech Used (0) 0 Bonus (10697) 10697 TOTAL SCORE: 45080 Bonus ------- High Alert Combat Kills 3391 Follower Combat Kills 2648 Entered Garrisons 1000 Used RIF Installer 2500 Aligned with FarCom 300 Met Zhirov 300 Built Enhanced Grunts 300 A7 Reached Mainframe 300 Met R17 at Cetus 500 Read Decrypted Archives 300 Friendly Fire -842 Cogmind --------- Core Integrity 280/850 Matter 254/300 Energy 257/350 System Corruption 1% Temperature Cool (0) Movement Treading (160) Location -6/Hub_04(d) Parts ------- > --- POWER (1) -------- Quantum Reactor > --- PROPULSION (4) --- Centrium Heavy Treads Centrium Heavy Treads > --- UTILITY (8) ------ High-capacity Storage Unit High-capacity Storage Unit High-capacity Storage Unit Long-range Terrain Scanner Centrium Medium Armor Plating Centrium Medium Armor Plating Improved Hacking Suite Relay Coupler [NC] (19) > --- WEAPON (2) ------- Cooled Plasma Cannon Improved Proton Missile Launcher > --- INVENTORY (28) --- Centrium Heavy Treads Improved Cooling System High-capacity Storage Unit High-capacity Battery (400) Energy Well (500) Experimental Terrain Scan Processor Improved Utility Shielding Layered Medium Armor Plating Centrium Medium Armor Plating Damper Plating Advanced Component Analysis Suite Long-range Tractor Beam Improved Field Recycling Unit (200) Improved EM Pulse Cannon Proton Cannon Proton Cannon Proton Cannon Cooled Plasma Cannon Improved KE Penetrator Improved KE Penetrator Improved KE Penetrator 8R-AWN's Boregun Proton Missile Launcher Rocket Array Remote Datajack Peak State ------------ > --- POWER ------------ Quantum Reactor > --- PROPULSION ------- Centrium Heavy Treads Centrium Heavy Treads > --- UTILITY ---------- Improved Cooling System High-capacity Storage Unit High-capacity Storage Unit High-capacity Storage Unit Centrium Medium Armor Plating Centrium Medium Armor Plating Relay Coupler [NC] Advanced Component Analysis Suite > --- WEAPON ----------- Cooled Plasma Cannon Improved Proton Missile Launcher > --- INVENTORY -------- Quantum Reactor Centrium Heavy Treads High-capacity Storage Unit High-capacity Battery Energy Well Long-range Terrain Scanner Experimental Terrain Scan Processor Improved Utility Shielding Layered Medium Armor Plating Centrium Medium Armor Plating Damper Plating Long-range Tractor Beam Improved Field Recycling Unit Improved EM Pulse Cannon Proton Cannon Proton Cannon Proton Cannon Cooled Plasma Cannon Improved KE Penetrator Improved KE Penetrator Improved KE Penetrator 8R-AWN's Boregun Proton Missile Launcher Rocket Array Remote Datajack [Rating: 105] Favorites ----------- Power Antimatter Reactor Engine Cooled Ion Engine Power Core Reinforced Fission Core Reactor Antimatter Reactor Propulsion Light Treads Treads Light Treads Leg Carbon-fiber Leg Wheel Wheel Utility High-capacity Storage Unit Device Long-range Terrain Scanner Storage High-capacity Storage Unit Processor Armor Integrity Analyzer Hackware Relay Coupler [NC] Protection Hardened Medium Armor Plating Weapon Improved EM Pulse Cannon Energy Gun Heavy EM Pulse Gun Energy Cannon Improved EM Pulse Cannon Ballistic Gun Flak Gun Launcher Rocket Launcher Special Weapon Remote Datajack Slashing Weapon Chainsword Special Melee Weapon Improved Datajack Build | -11 -10 -10 -9 -9 -9 -8 -8 -8 -8 -8 -7 -7 -7 -7 -7 -7 -6 -6 -6 -6 -6 -6 -6 -6 -6 ------- Run | Scr Mat Min Mat Min Exi Min Mat Gar Mat Gar Fac Was Fac Gar Fac Gar Fac Was Fac Gar Fac Ext Cet Arc Hub Slots Evolved 8 | . . . 2 . . . 2 . . . 2 . . . . . 2 . . . . . . . . Power . | . . . . . . . . . . . . . . . . . . . . . . . . . . Propulsion 2 | . . . . . . . 1 . . . . . . . . . 1 . . . . . . . . Utility 6 | . . . 2 . . . 1 . . . 2 . . . . . 1 . . . . . . . . Weapon . | . . . . . . . . . . . . . . . . . . . . . . . . . . Parts Attached 818 | . 27 6 29 2 20 5 27 14 25 21 53 53 43 62 59 40 37 15 77 61 78 46 13 . 5 Power 26 | . 2 . 3 . 2 1 1 . 2 . 1 1 . 5 1 1 . 1 . 1 1 1 1 . 1 Engine 17 | . 2 . 3 . 1 1 1 . 2 . . . . 4 1 . . . . 1 1 . . . . Core 2 | . . . . . 1 . . . . . 1 . . . . . . . . . . . . . . Reactor 7 | . . . . . . . . . . . . 1 . 1 . 1 . 1 . . . 1 1 . 1 Propulsion 92 | . 9 . 3 1 2 . 8 1 7 5 4 2 3 8 3 2 3 4 . 8 4 12 3 . . Treads 89 | . 7 . 3 1 2 . 8 1 7 5 4 2 3 8 3 2 3 4 . 7 4 12 3 . . Leg 1 | . . . . . . . . . . . . . . . . . . . . 1 . . . . . Wheel 2 | . 2 . . . . . . . . . . . . . . . . . . . . . . . . Hover . | . . . . . . . . . . . . . . . . . . . . . . . . . . Flight . | . . . . . . . . . . . . . . . . . . . . . . . . . . Utility 367 | . 7 . 5 . 5 1 9 5 8 9 29 43 26 29 26 19 20 8 37 27 34 14 3 . 3 Device 205 | . 3 . . . 1 . 3 2 2 3 16 30 16 16 16 10 17 4 28 14 17 5 . . 2 Storage 25 | . 4 . 1 . 2 . . . . . 2 . 2 3 1 1 . . 4 1 2 1 1 . . Processor 1 | . . . . . 1 . . . . . . . . . . . . . . . . . . . . Hackware 24 | . . . . . . . 1 . . . 3 1 . 4 2 3 . 1 1 3 3 1 . . 1 Protection 112 | . . . 4 . 1 1 5 3 6 6 8 12 8 6 7 5 3 3 4 9 12 7 2 . . Artifact . | . . . . . . . . . . . . . . . . . . . . . . . . . . Weapon 333 | . 9 6 18 1 11 3 9 8 8 7 19 7 14 20 29 18 14 2 40 25 39 19 6 . 1 Energy Gun 20 | . 7 3 7 . . 1 . . . . . . . . 1 . . . . . 1 . . . . Energy Cannon 113 | . . . . . . . 2 2 3 3 9 4 1 6 4 9 6 . 17 11 23 10 2 . 1 Ballistic Gun 101 | . 1 2 6 . 7 1 5 4 4 2 4 1 8 11 15 4 2 1 9 7 5 1 1 . . Ballistic Cannon . | . . . . . . . . . . . . . . . . . . . . . . . . . . Launcher 44 | . 1 1 5 1 1 1 1 1 1 2 2 . 1 . 2 2 1 . 6 3 4 5 3 . . Special Weapon 41 | . . . . . 1 . . . . . 4 2 2 2 5 3 4 1 6 2 6 3 . . . Impact Weapon . | . . . . . . . . . . . . . . . . . . . . . . . . . . Slashing Weapon 13 | . . . . . 1 . 1 1 . . . . 2 1 2 . 1 . 2 2 . . . . . Piercing Weapon . | . . . . . . . . . . . . . . . . . . . . . . . . . . Special Melee Weapon 1 | . . . . . 1 . . . . . . . . . . . . . . . . . . . . Unidentified Prototypes 3 | . . . . . . . . . . . . . . . . . . . . . . . 3 . . Parts Lost 52 | . 5 . 3 . 4 1 1 . 5 2 7 . . 6 3 1 1 . 2 5 5 1 . . . Power 4 | . . . . . . . . . . . 1 . . 1 1 . . . . . . 1 . . . Propulsion 7 | . . . . . 1 . . . 1 1 1 . . . . . 1 . . 2 . . . . . Utility 22 | . . . 1 . 1 1 1 . 1 1 2 . . 4 2 . . . 2 2 4 . . . . Weapon 19 | . 5 . 2 . 2 . . . 3 . 3 . . 1 . 1 . . . 1 1 . . . . Highest Loss Streak 4 | . 2 . 1 . 4 1 1 . 3 1 2 . . 4 2 1 1 . 1 2 2 1 . . . Average Slot Usage (%) 95 | . 99 100 98 100 98 100 99 100 98 99 99 84 92 94 88 91 82 78 73 98 89 96 87 86 85 Engine 5 | . 14 14 11 11 6 3 8 9 9 9 1 . . 5 6 . . . . . 5 . . . . Reactor 2 | . . . . . . . . . . . . 4 7 1 . 7 6 6 6 5 . 5 6 6 6 Treads 21 | . 23 28 21 22 22 22 27 27 26 26 23 16 15 18 14 15 20 18 13 21 17 23 14 13 13 Device 10 | . 5 . . . 6 . 7 7 5 16 13 11 19 15 10 10 6 6 6 14 8 12 6 6 9 Storage 24 | . 22 28 32 33 20 33 27 27 27 27 23 23 23 23 23 23 20 20 19 20 20 20 26 26 21 Hackware 2 | . . . . . . . . . . . 6 7 7 4 10 5 6 5 6 . 5 6 6 6 7 Protection 9 | . . . 10 11 11 11 9 10 12 1 8 1 3 8 5 13 6 6 6 17 16 11 13 13 13 Energy Gun 1 | . 27 14 12 11 3 7 . . . . . . . . . . . . . . . . . . . Energy Cannon 7 | . . . . . . . . 16 2 14 6 11 1 4 2 9 10 . 5 7 10 5 3 6 6 Ballistic Gun 5 | . . 4 9 . 14 14 16 . 14 3 6 2 8 7 9 2 1 5 3 4 1 . . . . Naked Turns . | . . . . . . . . . . . . . . . . . . . . . . . . . . Heaviest Build 177 | 10 75 75 117 117 131 131 123 132 138 120 148 176 144 150 137 140 173 172 177 157 146 145 153 153 153 Greatest Support 160 | 20 46 46 46 43 43 43 66 60 60 60 60 90 98 98 92 92 118 140 140 140 140 140 160 160 160 Greatest Overweight (x) 41 | . 3 1 5 2 3 3 2 41 3 37 2 2 4 41 1 1 2 1 1 3 2 3 1 . . Average Overweight (x) 2 | . 1 1 1 2 1 2 1 7 1 8 1 1 1 3 1 1 1 . . 1 . . . . . Largest Inventory Capacity 36 | 6 20 20 28 28 28 28 28 28 28 28 28 28 28 36 28 28 28 28 28 28 28 28 28 28 28 Average Capacity 27 | 6 14 20 27 28 18 28 28 28 28 28 28 28 28 28 28 28 28 28 27 28 28 28 28 28 28 Most Carried 28 | 6 20 20 28 28 28 28 28 28 28 28 28 28 28 28 28 28 28 28 28 28 28 28 28 28 28 Average Carried 26 | 6 12 19 27 27 17 27 27 27 27 27 27 27 27 27 27 27 27 27 27 27 27 27 27 28 27 Final Capacity 28 | 6 20 20 28 28 28 28 28 28 28 28 28 28 28 28 28 28 28 28 28 28 28 28 28 28 28 Final Carried 28 | 6 20 20 28 28 28 27 28 28 28 28 27 28 28 28 28 28 28 28 28 28 28 28 28 28 28 Class Distribution -------------------- 56% | Hauler-Mutant 20% | Bothacker-Mutant 14% | Scavenger-Mutant 5% | Commander-Mutant 3% | Mutant Dominant Class ---------------- Hauler-Mutant | -10/Materials Hauler-Mutant | -10/Mines Hauler-Mutant | -9/Materials Hauler-Mutant | -9/Mines Mutant | -9/Exiles Hauler-Mutant | -8/Mines Hauler-Mutant | -8/Materials Hauler-Mutant | -8/Garrison Commander-Mutant | -8/Materials Hauler-Mutant | -8/Garrison Scavenger-Mutant | -7/Factory Hauler-Mutant | -7/Waste Hauler-Mutant | -7/Factory Bothacker-Mutant | -7/Garrison Bothacker-Mutant | -7/Factory Bothacker-Mutant | -7/Garrison Bothacker-Mutant | -6/Factory Bothacker-Mutant | -6/Waste Hauler-Mutant | -6/Factory Scavenger-Mutant | -6/Garrison Hauler-Mutant | -6/Factory Commander-Mutant | -6/Extension Commander-Mutant | -6/Cetus Commander-Mutant | -6/Archives Hauler-Mutant | -6/Hub_04(d) Resources | -11 -10 -10 -9 -9 -9 -8 -8 -8 -8 -8 -7 -7 -7 -7 -7 -7 -6 -6 -6 -6 -6 -6 -6 -6 -6 ----------- Run | Scr Mat Min Mat Min Exi Min Mat Gar Mat Gar Fac Was Fac Gar Fac Gar Fac Was Fac Gar Fac Ext Cet Arc Hub Matter Collected 13976 | 155 260 207 523 52 786 104 1039 270 769 370 670 654 643 946 727 582 460 464 1101 949 1056 935 218 . 36 Remotely 949 | . . . . . . . . . . . 183 34 . . . . 99 . 218 . 307 108 . . . Salvage Created 27799 | 60 887 113 1461 4 414 218 1849 752 1918 636 1227 1452 890 1123 1243 1024 1548 1742 2216 2075 2166 1875 906 . . Parts 1287 | 3 49 7 103 1 57 21 109 34 118 29 53 27 54 65 78 54 50 43 60 88 94 62 28 . . Haulers Intercepted 23 | . 2 . 4 . . . 6 . 5 . 2 . 1 . . . 1 . 1 . 1 . . . . Recyclers Shooed 19 | . 3 . . . . . 1 . 1 . 1 . . . 1 . 1 . 4 . 4 . . . 3 Parts Field Recycled 110 | . . . . . . . . . . . 12 . 46 35 14 . . . . . . 3 . . . Retrieved Matter 1465 | . . . . . . . . . . . 306 . 560 293 278 . . . . . . 28 . . . Parts Self-Destructed . | . . . . . . . . . . . . . . . . . . . . . . . . . . Prevented . | . . . . . . . . . . . . . . . . . . . . . . . . . . Kills | -11 -10 -10 -9 -9 -9 -8 -8 -8 -8 -8 -7 -7 -7 -7 -7 -7 -6 -6 -6 -6 -6 -6 -6 -6 -6 ------- Run | Scr Mat Min Mat Min Exi Min Mat Gar Mat Gar Fac Was Fac Gar Fac Gar Fac Was Fac Gar Fac Ext Cet Arc Hub Combat Hostiles Destroyed 429 | . 15 11 28 1 2 10 31 20 29 17 23 5 14 26 21 21 16 6 31 34 36 21 11 . . Melee 2 | . . . . . . . . . 1 . . . . . 1 . . . . . . . . . . Guns 180 | . 15 2 17 . 1 5 29 3 17 2 9 3 11 20 15 4 1 6 7 6 5 2 . . . Cannons 99 | . . . . . . . 1 7 5 6 7 2 1 5 2 13 9 . 8 16 13 4 . . . AOE 95 | . . 9 11 1 1 5 1 7 5 8 6 . 2 . . 3 1 . 8 3 12 9 3 . . Classes Destroyed 24 | 1 6 2 1 . 2 1 2 2 3 . 1 1 . . . . . . . 2 . . . . . Worker 18 | . 1 . 1 . . 2 . . 6 . 1 . . . 1 . . . 2 . 1 3 . . . Builder 15 | . 1 . 4 . . . . . 2 . 1 . . . 1 . . . 1 . 3 2 . . . Tunneler 6 | . . . . . . 1 1 . 1 . . . 1 . . . . . . . . 2 . . . Hauler 23 | . 2 . 4 . . . 6 . 5 . 2 . 1 . . . 1 . 1 . 1 . . . . Recycler 25 | 1 1 . 3 . . 1 3 . 2 . 2 . 2 . 1 . 3 . 2 . 2 2 . . . Mechanic 1 | . 1 . . . . . . . . . . . . . . . . . . . . . . . . Operator 3 | . . . . . . . 1 . . . . . 1 . . . . . . . 1 . . . . Turret 1 | . . . . . 1 . . . . . . . . . . . . . . . . . . . . Watcher 9 | . 1 . 1 . . . 3 . 1 . . . . 1 . . . . . . . . 2 . . Swarmer 88 | . . 3 8 1 . 10 11 7 3 3 4 . 4 12 6 4 . . . 3 6 3 . . . Saboteur 2 | . . . . . . . . . . . . . . . . . . . . 2 . . . . . Grunt 170 | . 15 2 12 . . . 9 10 10 10 12 . 2 8 4 10 5 . 19 13 14 11 4 . . Brawler 8 | . . . . . . . . . 1 . 1 . . . 1 . 1 . 1 2 1 . . . . Duelist 16 | . . . . . . . 1 . 3 . . . . 1 . 1 2 . 1 4 2 . 1 . . Protector 4 | . . . . . . . . . 2 . . . . . . 1 . . . . 1 . . . . Sentry 66 | . . . 8 . . . 10 . 7 3 1 . 4 3 6 3 3 . 4 3 5 6 . . . Demolisher 4 | . . . . . . . . . 1 . . . . . . 1 . . 2 . . . . . . Specialist 5 | . . . . . . . . 2 . . . . . . . . . . . 3 . . . . . Hunter 19 | . . . . . . . . 1 2 1 2 . . 2 . 1 4 . . 2 4 . . . . Programmer 21 | . . . . . . . . . . . 3 . 4 . 5 . 1 . 4 1 3 . . . . Behemoth 2 | . . . . . . . . . . . . . . . . . . . . 1 . 1 . . . Compactor 11 | . . . . . . . . . . . . 5 . . . . . 6 . . . . . . . Cetus Guard 6 | . . . . . . . . . . . . . . . . . . . . . . . 6 . . Zionite 8 | . . . . . 8 . . . . . . . . . . . . . . . . . . . . Assembled 7 | . . 6 . . 1 . . . . . . . . . . . . . . . . . . . . Savage 1 | . . . . . . . . . . . . . . . . . . . . . . 1 . . . Butcher 1 | . . . . . . . . . . . . . . . . . . . . . . 1 . . . Best Kill Streak 17 | 1 5 6 6 1 5 5 6 5 6 5 8 1 4 6 3 3 3 2 7 5 10 17 5 . . Combat Bots Only 11 | . 5 6 5 1 1 4 5 5 5 5 7 1 4 6 3 3 3 2 4 5 7 11 5 . . Max Kills in Single Turn 5 | 1 1 2 3 1 1 3 2 3 3 2 3 1 2 2 2 2 2 1 5 2 5 3 2 . . Gunslinging 1 | . . . . . . 1 1 . 1 . . . . . 1 . . . . . . . . . . Exploded 4 | . . 2 2 1 1 2 1 3 3 2 3 . 2 . . 2 1 . 3 1 4 2 2 . . Melee 1 | . . . . . . . . . 1 . . . . . 1 . . . . . . . . . . Uniques/NPCs Destroyed 4 | . . . . . 4 . . . . . . . . . . . . . . . . . . . . 8R-AWN (-9/Exiles) EX-DEC (-9/Exiles) EX-BIN (-9/Exiles) EX-HEX (-9/Exiles) Combat | -11 -10 -10 -9 -9 -9 -8 -8 -8 -8 -8 -7 -7 -7 -7 -7 -7 -6 -6 -6 -6 -6 -6 -6 -6 -6 -------- Run | Scr Mat Min Mat Min Exi Min Mat Gar Mat Gar Fac Was Fac Gar Fac Gar Fac Was Fac Gar Fac Ext Cet Arc Hub Damage Taken 22891 | . 596 224 919 32 653 170 1152 628 2640 481 1498 . 758 1619 1613 970 1101 42 1818 1627 2774 1190 238 . 148 Core 1575 | . 48 40 139 . 43 7 65 29 134 23 86 . 49 131 164 47 17 . 47 89 191 160 59 . 7 Absorbed by Shields 2262 | . . . . . 243 . 208 . . . . . 287 288 442 43 39 . 60 295 165 2 190 . . Reduced by Siege Mode 53 | . . . . . . . . . . . . . . 39 . . . . . . . . 14 . . Core Remaining (%) 60 | 100 . 64 . . . 52 . . . 54 . . . . . 31 . . . . . . . . . Volleys Fired 1633 | 3 66 18 75 2 68 10 120 56 100 66 73 103 54 86 82 62 54 55 120 102 134 95 10 . 19 Largest 2 | 2 2 2 2 1 2 2 2 2 2 2 2 2 2 2 2 2 2 1 2 2 2 2 2 . 1 Hottest 150 | 90 90 60 121 33 53 70 126 126 119 112 130 130 93 93 138 138 144 30 150 150 150 144 105 . 43 Shots Fired 2603 | 6 132 26 140 2 116 17 238 74 187 83 126 155 91 135 127 92 93 55 172 185 190 124 18 . 19 Gun 1360 | 6 132 16 133 . 110 14 229 18 138 17 63 23 71 93 84 22 12 49 36 42 40 12 . . . Cannon 955 | . . . . . . . 8 51 46 58 49 124 6 37 28 58 77 . 96 136 134 32 2 . 13 Launcher 134 | . . 10 7 2 2 3 1 5 3 8 5 . 1 . . 1 . . 23 5 7 29 16 . 6 Special 154 | . . . . . 4 . . . . . 9 8 13 5 15 11 4 6 17 2 9 51 . . . Kinetic 1129 | . . 8 67 . 110 7 217 18 138 17 63 23 71 93 84 22 12 49 36 42 40 12 . . . Thermal 475 | 6 132 . 39 . 4 . . . . . 27 124 6 4 8 . . . 32 . 71 7 2 . 13 Explosive 57 | . . 10 7 2 2 3 1 5 . 8 5 . 1 . . 1 . . 2 2 7 1 . . . Electromagnetic 792 | . . 8 27 . . 7 20 51 49 58 22 . . 33 20 58 77 . 85 139 63 53 16 . 6 Robot Hit Streak 34 | 5 17 24 29 1 11 8 24 32 17 10 18 33 23 15 24 16 34 20 29 20 27 28 21 . 25 Robot Miss Streak 12 | . 4 . 2 1 2 3 5 1 3 2 2 3 4 5 12 3 5 3 5 5 4 1 . . 1 Penetration Max 1 | . . . . . . . . 1 1 1 1 . . 1 1 . . 1 . . 1 . . . . Secondary Targets 27 | . 1 . 4 . . 2 4 1 2 . 4 . 1 5 2 . . . . 1 . . . . . Max Gunslinging Chain 1 | . 1 . 1 . . 1 1 1 1 . 1 . 1 1 1 . . . . 1 . . . . . Shots Hit Robots 1782 | 5 94 18 105 1 86 8 184 46 135 41 93 128 51 71 88 51 79 42 104 131 112 96 6 . 7 Core Hits 1107 | 2 47 19 57 1 30 13 69 27 73 30 47 14 59 82 55 54 35 10 107 85 89 65 27 . 10 Critical Hits 76 | . . . . . 4 1 2 2 3 5 3 8 1 . 16 . 1 19 3 1 5 2 . . . Critical Kills 30 | . . . . . 1 1 1 2 1 1 1 3 . . 8 . . 6 2 . 2 1 . . . Critical Parts Destroyed 27 | . . . . . 1 . . . 1 4 2 1 1 . 7 . 1 3 1 1 3 1 . . . Melee Attacks 40 | . . . . . 8 . 5 2 . . . . 3 8 2 . . . 2 10 . . . . . Impact . | . . . . . . . . . . . . . . . . . . . . . . . . . . Slashing 35 | . . . . . 3 . 5 2 . . . . 3 8 2 . . . 2 10 . . . . . Piercing . | . . . . . . . . . . . . . . . . . . . . . . . . . . Sneak Attacks 6 | . . . . . 5 . . . . . . . 1 . . . . . . . . . . . . Combat Hostiles . | . . . . . . . . . . . . . . . . . . . . . . . . . . Follow-up Attacks . | . . . . . . . . . . . . . . . . . . . . . . . . . . Damage Inflicted 53009 | 57 1073 968 2401 78 1380 542 3140 1731 4470 1698 3017 3430 1865 1830 1537 1522 2417 803 4962 3955 4769 3213 1531 . 620 Guns 19265 | 57 1054 179 1533 . 1276 132 2895 299 2305 304 1215 351 1556 1351 941 448 145 803 892 819 639 71 . . . Cannons 18334 | . . . . . . . 168 873 852 537 974 3079 81 434 484 943 1961 . 1952 2834 2368 631 . . 163 Explosions 14578 | . . 754 821 42 100 340 29 559 1184 857 828 . 66 45 . 131 250 . 2094 302 1751 2472 1531 . 422 Melee 147 | . . . . . . . . . . . . . 147 . . . . . . . . . . . . Ramming 681 | . 19 35 47 36 . 70 48 . 129 . . . 15 . 112 . 61 . 24 . 11 39 . . 35 Kinetic 16933 | . . 68 628 . 1276 91 2731 299 2305 304 1215 351 1556 1351 941 448 145 803 892 819 639 71 . . . Thermal 8739 | 57 1054 . 612 . 4 62 . . 203 38 690 3079 81 73 28 56 250 . 876 132 1029 125 127 . 163 Explosive 7198 | . . 754 798 42 100 278 29 559 696 819 661 . 66 . . 75 . . 730 110 1341 140 . . . Electromagnetic 19311 | . . 111 316 . . 41 332 873 1137 537 451 . . 406 456 943 1961 . 2440 2894 1749 2838 1404 . 422 Impact . | . . . . . . . . . . . . . . . . . . . . . . . . . . Slashing 147 | . . . . . . . . . . . . . 147 . . . . . . . . . . . . Piercing . | . . . . . . . . . . . . . . . . . . . . . . . . . . Highest Corruption 38 | . 1 1 . . . . . . . . 1 38 32 24 3 3 . . . 4 1 1 1 1 1 Average Corruption 8 | . 1 1 . . . . . . . . 1 29 27 11 2 2 . . . 2 1 1 1 1 1 Corruption Purged 50 | . . . . . . . . . . . 1 8 10 24 . 3 . . . 4 . . . . . Effects 460 | . 8 1 . . . . . . . . 3 124 153 135 2 2 . . . 4 16 7 3 1 1 Message Errors 108 | . 2 1 . . . . . . . . 2 21 27 39 . 1 . . . 1 6 6 . 1 1 Matter Fused 71 | . . . . . . . . . . . . 15 27 27 . . . . . 2 . . . . . Heat Flow Errors 37 | . . . . . . . . . . . . 10 12 14 1 . . . . . . . . . . Energy Discharges 51 | . 2 . . . . . . . . . . 14 12 17 . . . . . 1 4 . 1 . . Parts Rejected 3 | . . . . . . . . . . . . 1 2 . . . . . . . . . . . . Data Loss (minor) 38 | . 1 . . . . . . . . . . 4 14 14 . 1 . . . . 2 1 1 . . Data Loss (major) 18 | . . . . . . . . . . . . 4 6 8 . . . . . . . . . . . Misfires 16 | . . . . . . . . . . . . 3 2 11 . . . . . . . . . . . Alerts 4 | . . . . . . . . . . . . 1 2 1 . . . . . . . . . . . Misdirections 33 | . . . . . . . . . . . . 7 26 . . . . . . . . . . . . Targeting Errors 71 | . 3 . . . . . . . . . 1 38 21 3 1 . . . . . 3 . 1 . . Weapon Failures 10 | . . . . . . . . . . . . 6 2 1 . . . . . . 1 . . . . Overload Shots 3 | . . . . . . . . . . . . . . . . . . . . . . 2 1 . . Effects 1 | . . . . . . . . . . . . . . . . . . . . . . . 1 . . Short Circuit 1 | . . . . . . . . . . . . . . . . . . . . . . . 1 . . Overflow Damage 504 | . . 25 76 . 20 . 3 40 49 11 13 . . 13 . . 3 . 80 30 39 96 1 . 5 Projectiles 181 | . . . . . . . . . 24 5 2 . . 3 . . 3 . 70 30 33 6 . . 5 Explosions 314 | . . 25 72 . 20 . . 40 23 6 11 . . 10 . . . . 10 . 6 90 1 . . Melee 9 | . . . 4 . . . 3 . 2 . . . . . . . . . . . . . . . . Knockbacks 4 | . . . 1 . . . . . 1 . . . . . 2 . . . . . . . . . . Impact 4 | . . . 1 . . . . . 1 . . . . . 2 . . . . . . . . . . Kinetic . | . . . . . . . . . . . . . . . . . . . . . . . . . . Secondary . | . . . . . . . . . . . . . . . . . . . . . . . . . . Self-Inflicted Damage 585 | . . . 16 19 . 37 . . 63 71 68 . . . . . . . 77 53 151 19 11 . . Shots 24 | . . . 1 1 . 1 . . 2 2 1 . . . . . . . 4 1 7 3 1 . . Rammed 51 | . 2 2 3 3 . 3 2 . 9 . . . 3 . 13 . 3 . 4 . . 2 . . 2 Targets Rammed 61 | . 3 2 4 3 . 5 3 . 12 . . . 3 . 14 . 3 . 4 . 1 2 . . 2 Kicked . | . . . . . . . . . . . . . . . . . . . . . . . . . . Crushed 10 | . 1 . 1 . . 2 1 . 3 . . . . . 1 . . . . . 1 . . . . Highest Temperature 321 | 90 234 99 156 . 91 140 149 249 192 99 234 267 254 271 234 270 321 . 228 261 90 16 2 . 7 Average Temperature 58 | 50 74 53 45 . 22 56 17 68 30 24 63 78 80 64 57 64 91 . 69 77 18 8 1 . 4 Received Heat Transfer 5652 | . 336 45 279 . . . 402 225 702 117 420 . 144 370 382 135 126 . 641 477 578 213 30 . 30 Effects 4 | . 2 . . . . . . . . . . . 2 . . . . . . . . . . . . Energy Bleed 3 | . 1 . . . . . . . . . . . 2 . . . . . . . . . . . . Interference 1 | . 1 . . . . . . . . . . . . . . . . . . . . . . . . Siege Activations 3 | . . . . . . . . . . . . . . 1 . . 1 . . . . . 1 . . Total Turns 45 | . . . . . . . . . . . . . . 30 . . 9 . . . . . 6 . . Longest Duration 30 | . . . . . . . . . . . . . . 30 . . 9 . . . . . 6 . . Robots Corrupted 56 | . . . . . . . . 3 1 1 1 . . 1 3 1 7 . 8 9 5 8 8 . . Combat Hostiles 52 | . . . . . . . . 3 1 1 1 . . 1 3 1 5 . 8 9 5 6 8 . . Parts Fried 157 | . . . 4 . . . 4 11 5 4 1 . . 3 2 7 22 . 27 23 21 14 9 . . Impact Corruptions 4 | . . . 1 . . . 1 . 1 . . . . . . . 1 . . . . . . . . Robots Melted 1 | . . . . . . . . . . . . . . . . . . . . . 1 . . . . Combat Hostiles 1 | . . . . . . . . . . . . . . . . . . . . . 1 . . . . Parts Melted 15 | . 3 . 2 . . . . . . . 2 . . . . 1 . . 2 . 5 . . . . Heat Transferred 12812 | 149 2444 . 1308 . 36 . . . 200 50 794 4218 111 87 37 50 200 . 1100 50 1328 300 100 . 250 Parts Sabotaged . | . . . . . . . . . . . . . . . . . . . . . . . . . . Parts Stolen . | . . . . . . . . . . . . . . . . . . . . . . . . . . Parts Stripped . | . . . . . . . . . . . . . . . . . . . . . . . . . . Power Chain Reactions 18 | . . . 1 . . 1 . . 2 1 2 . . 1 . 1 . . 2 2 1 3 1 . . Missiles Intercepted . | . . . . . . . . . . . . . . . . . . . . . . . . . . Alert | -11 -10 -10 -9 -9 -9 -8 -8 -8 -8 -8 -7 -7 -7 -7 -7 -7 -6 -6 -6 -6 -6 -6 -6 -6 -6 ------- Run | Scr Mat Min Mat Min Exi Min Mat Gar Mat Gar Fac Was Fac Gar Fac Gar Fac Was Fac Gar Fac Ext Cet Arc Hub Peak Influence 1456 | 5 189 128 471 249 . 192 778 1153 1053 1078 643 151 167 872 457 1093 668 194 340 1456 933 610 1051 836 1060 Initial 764 | . 3 28 . 150 . . . 447 561 516 565 150 . 44 457 260 573 179 . 153 764 300 341 420 292 Average 511 | 1 71 33 219 79 . 12 301 1028 701 795 409 35 51 391 226 655 485 144 142 772 297 233 737 582 792 Maximum Alert Level 4 | . . . 2 1 . . 3 4 3 3 2 . . 3 2 3 2 . 1 4 3 2 3 3 3 Low Security (%) 31 | 100 100 100 42 86 . 100 46 . . . . 100 100 42 38 . . 100 82 1 57 55 . . . Level 1 11 | . . . 51 13 . . 8 . . . 52 . . 6 43 13 20 . 17 17 15 27 6 . 2 Level 2 22 | . . . 6 . . . 40 2 59 19 47 . . 34 18 54 79 . . 29 8 17 34 62 19 Level 3 31 | . . . . . . . 3 96 40 80 . . . 16 . 31 . . . 12 18 . 59 37 78 Level 4 3 | . . . . . . . . 1 . . . . . . . . . . . 38 . . . . . Level 5 . | . . . . . . . . . . . . . . . . . . . . . . . . . . High Security . | . . . . . . . . . . . . . . . . . . . . . . . . . . Max Security . | . . . . . . . . . . . . . . . . . . . . . . . . . . Squads Dispatched 83 | . 4 . 6 2 . . 2 . 5 . 12 . 6 . 9 . 4 . 12 . 14 3 . . 4 Investigation 13 | . 3 . 3 1 . . 1 . . . 2 . 1 . 1 . . . 1 . . . . . . Extermination 20 | . . . . . . . . . . . 3 . 3 . 5 . 1 . 4 . 4 . . . . Reinforcement 24 | . 1 . 3 . . . 1 . . . 4 . 1 . 2 . 1 . 3 . 4 3 . . 1 Assault 11 | . . . . 1 . . . . 3 . . . . . . . 1 . . . 3 . . . 3 Garrison 15 | . . . . . . . . . 2 . 3 . 1 . 1 . 1 . 4 . 3 . . . . Intercept . | . . . . . . . . . . . . . . . . . . . . . . . . . . Construction Impeded 7 | . . . 1 . . . . . . . 1 . . . 1 . . . 2 . 1 1 . . . Haulers Reinforced 3 | . . . . . . . . . . . 1 . . . . . . . 1 . 1 . . . . Alert ID Control Effect 2 | . . . . . . . . . . . . . . 2 . . . . . . . . . . . Stealth | -11 -10 -10 -9 -9 -9 -8 -8 -8 -8 -8 -7 -7 -7 -7 -7 -7 -6 -6 -6 -6 -6 -6 -6 -6 -6 --------- Run | Scr Mat Min Mat Min Exi Min Mat Gar Mat Gar Fac Was Fac Gar Fac Gar Fac Was Fac Gar Fac Ext Cet Arc Hub Distress Signals 19 | . 2 1 6 . . . 3 . 2 . . . . . . 1 . . 1 . . 2 . . 1 Communications Jammed . | . . . . . . . . . . . . . . . . . . . . . . . . . . Distress Signals . | . . . . . . . . . . . . . . . . . . . . . . . . . . Times Spotted 713 | . 28 9 43 5 32 10 55 21 50 17 35 6 24 28 43 31 29 6 51 52 61 45 17 . 15 Peak Tracking Total 9 | . 6 4 6 5 6 4 5 6 9 4 5 2 4 5 5 4 4 3 4 6 7 8 7 . 6 Tactical Retreats 68 | . 1 . 2 1 6 . 9 2 6 . 3 1 . 1 1 4 3 . 6 18 1 2 . . 1 Traps | -11 -10 -10 -9 -9 -9 -8 -8 -8 -8 -8 -7 -7 -7 -7 -7 -7 -6 -6 -6 -6 -6 -6 -6 -6 -6 ------- Run | Scr Mat Min Mat Min Exi Min Mat Gar Mat Gar Fac Was Fac Gar Fac Gar Fac Was Fac Gar Fac Ext Cet Arc Hub Traps Triggered 58 | . 4 . 2 . . . . 6 . 2 1 . 1 15 1 11 1 . 1 6 2 3 . . 2 Indirectly . | . . . . . . . . . . . . . . . . . . . . . . . . . . Trap Hack Attempts . | . . . . . . . . . . . . . . . . . . . . . . . . . . Triggered . | . . . . . . . . . . . . . . . . . . . . . . . . . . Disarmed . | . . . . . . . . . . . . . . . . . . . . . . . . . . Reprogrammed . | . . . . . . . . . . . . . . . . . . . . . . . . . . Reused 2 | . . . . . 2 . . . . . . . . . . . . . . . . . . . . Traps Extracted . | . . . . . . . . . . . . . . . . . . . . . . . . . . Installed 2 | . . . . . 2 . . . . . . . . . . . . . . . . . . . . Triggered 2 | . . . . . . . . . . . . . . . . . . . . 2 . . . . . Machines | -11 -10 -10 -9 -9 -9 -8 -8 -8 -8 -8 -7 -7 -7 -7 -7 -7 -6 -6 -6 -6 -6 -6 -6 -6 -6 ---------- Run | Scr Mat Min Mat Min Exi Min Mat Gar Mat Gar Fac Was Fac Gar Fac Gar Fac Was Fac Gar Fac Ext Cet Arc Hub Machines Disabled 74 | . . 1 . . 12 . . 2 2 3 1 . 1 7 2 6 2 . 5 6 11 7 2 1 3 Max in Single Turn 4 | . . 1 . . 1 . . 1 1 2 1 . 1 2 1 2 2 . 2 1 4 2 1 . 2 Garrison Access 9 | . . . . . . . . . . . 1 . 1 . 1 . 2 . 1 . 2 . . . 1 Garrison Relay 16 | . . . . . . . . 2 . 2 . . . 4 . 4 . . . 4 . . . . . Phase Generator 3 | . . . . . . . . . . 1 . . . 1 . 1 . . . . . . . . . Machines Sabotaged . | . . . . . . . . . . . . . . . . . . . . . . . . . . Garrisons Compromised . | . . . . . . . . . . . . . . . . . . . . . . . . . . Overloaded Fab Kills . | . . . . . . . . . . . . . . . . . . . . . . . . . . Fab Network Shutdowns . | . . . . . . . . . . . . . . . . . . . . . . . . . . Hacking | -11 -10 -10 -9 -9 -9 -8 -8 -8 -8 -8 -7 -7 -7 -7 -7 -7 -6 -6 -6 -6 -6 -6 -6 -6 -6 --------- Run | Scr Mat Min Mat Min Exi Min Mat Gar Mat Gar Fac Was Fac Gar Fac Gar Fac Was Fac Gar Fac Ext Cet Arc Hub Machines Accessed 119 | . 7 1 9 1 2 . 13 . 5 . 9 . 3 . 20 . 6 . 9 . 18 12 1 1 2 Terminals 79 | . 5 1 7 . . . 10 . 3 . 4 . 1 . 12 . 3 . 5 . 14 11 1 . 2 Fabricators 3 | . . . . . . . . . . . 1 . . . 1 . . . 1 . . . . . . Repair Stations 11 | . 1 . . . . . 1 . 1 . 1 . . . 2 . 1 . 1 . 2 1 . . . Recycling Units 6 | . 1 . . . . . 1 . . . 2 . . . 2 . . . . . . . . . . Scanalyzers 3 | . . . 2 . . . . . . . . . . . 1 . . . . . . . . . . Garrison Access 13 | . . . . . . . 1 . 1 . 1 . 2 . 2 . 2 . 2 . 2 . . . . Total Hacks 343 | . 30 5 29 1 2 . 30 . 18 . 28 . 7 . 48 . 10 . 29 . 54 19 3 25 5 Successful 200 | . 13 1 19 1 2 . 15 . 11 . 19 . 4 . 25 . 7 . 19 . 31 6 . 25 2 Failed 143 | . 17 4 10 . . . 15 . 7 . 9 . 3 . 23 . 3 . 10 . 23 13 3 . 3 Catastrophic 26 | . 2 1 . . . . 3 . 2 . 2 . 2 . 4 . . . 2 . 3 2 2 . 1 Database Lockouts . | . . . . . . . . . . . . . . . . . . . . . . . . . . Manual 137 | . 15 5 12 . 1 . 15 . 8 . 12 . 3 . 13 . 2 . 17 . 27 3 1 . 3 Terminals 208 | . 22 5 22 . . . 25 . 13 . 8 . 2 . 26 . 5 . 17 . 37 18 3 . 5 Fabricators 13 | . . . . . . . . . . . 8 . . . 3 . . . 2 . . . . . . Repair Stations 40 | . 5 . . . . . 2 . 4 . 4 . . . 10 . 2 . 4 . 8 1 . . . Recycling Units 12 | . 3 . . . . . 1 . . . 4 . . . 4 . . . . . . . . . . Scanalyzers 9 | . . . 7 . . . . . . . . . . . 2 . . . . . . . . . . Garrison Access 33 | . . . . . . . 2 . 1 . 4 . 5 . 3 . 3 . 6 . 9 . . . . Terminal Hacks 92 | . 9 . 12 1 2 . 9 . 4 . 3 . . . 6 . 1 . 4 . 9 6 . 25 1 Record 26 | . . . . . 1 . . . . . . . . . . . . . . . . . . 25 . Part Schematic 2 | . 2 . . . . . . . . . . . . . . . . . . . . . . . . Robot Analysis 5 | . 2 . 2 . . . 1 . . . . . . . . . . . . . . . . . . Prototype ID Bank 11 | . 4 . 4 . . . 2 . . . . . . . . . . . 1 . . . . . . Open Door 7 | . . . . 1 . . . . . . . . . . . . . . . . 1 5 . . . Branch Access Points 4 | . . . 1 . . . 1 . . . . . . . . . . . 1 . 1 . . . . Emergency Access Points 2 | . . . . . . . 1 . . . . . . . . . . . . . 1 . . . . Machine Index 2 | . . . . . . . . . . . . . . . 1 . . . . . . . . . 1 Terminal Index 1 | . . . . . . . . . . . . . . . . . . . . . 1 . . . . Garrison Index 1 | . . . . . . . . . . . . . . . . . . . . . 1 . . . . Alert Level 2 | . . . 1 . . . 1 . . . . . . . . . . . . . . . . . . Unreport Threat 10 | . . . 1 . . . 1 . 3 . 1 . . . 2 . . . . . 2 . . . . Locate Traps 11 | . . . 2 . . . 1 . . . 2 . . . 2 . 1 . 2 . . 1 . . . Patrol Status 1 | . . . . . . . . . . . . . . . . . . . . . 1 . . . . Hauler Manifests 3 | . . . 1 . . . 1 . . . . . . . 1 . . . . . . . . . . Zone Layout 3 | . 1 . . . . . . . 1 . . . . . . . . . . . 1 . . . . EX-Prototype ID Bank 1 | . . . . . 1 . . . . . . . . . . . . . . . . . . . . Fabricator Hacks 6 | . . . . . . . . . . . 3 . . . 1 . . . 2 . . . . . . Load Schematic 3 | . . . . . . . . . . . 1 . . . 1 . . . 1 . . . . . . Build 3 | . . . . . . . . . . . 2 . . . . . . . 1 . . . . . . Repair Station Hacks 29 | . 1 . . . . . 2 . 3 . 4 . . . 8 . 1 . 4 . 6 . . . . Scan Component 17 | . 1 . . . . . 1 . 2 . 2 . . . 4 . 1 . 2 . 4 . . . . Repair 12 | . . . . . . . 1 . 1 . 2 . . . 4 . . . 2 . 2 . . . . Recycling Unit Hacks 4 | . 1 . . . . . . . . . 2 . . . 1 . . . . . . . . . . Report Inventory 1 | . . . . . . . . . . . 1 . . . . . . . . . . . . . . Retrieve Components 3 | . 1 . . . . . . . . . 1 . . . 1 . . . . . . . . . . Scanalyzer 5 | . . . 3 . . . . . . . . . . . 2 . . . . . . . . . . Insert Component 3 | . . . 2 . . . . . . . . . . . 1 . . . . . . . . . . Analyze 2 | . . . 1 . . . . . . . . . . . 1 . . . . . . . . . . Garrison Access Hacks 20 | . . . . . . . 1 . 1 . 2 . 3 . 3 . 3 . 3 . 4 . . . . Unlock Access 5 | . . . . . . . 1 . 1 . . . 1 . 1 . . . 1 . . . . . . Seal Access 8 | . . . . . . . . . . . 1 . 1 . 1 . 2 . 1 . 2 . . . . Coupler Status 7 | . . . . . . . . . . . 1 . 1 . 1 . 1 . 1 . 2 . . . . Unauthorized Hacks 44 | . 2 1 4 . . . 3 . 3 . 5 . 1 . 4 . 2 . 6 . 12 . . . 1 Terminals 33 | . 1 1 4 . . . 2 . 3 . 1 . 1 . 3 . 2 . 5 . 9 . . . 1 Track 17 | . 1 1 3 . . . 1 . 1 . 1 . 1 . 1 . 1 . 2 . 4 . . . . Assimilate 1 | . . . . . . . . . . . . . . . . . . . . . 1 . . . . Botnet 14 | . . . 1 . . . 1 . 2 . . . . . 2 . 1 . 2 . 4 . . . 1 Operators 1 | . . . . . . . . . . . . . . . . . . . 1 . . . . . . Fabricators 2 | . . . . . . . . . . . 2 . . . . . . . . . . . . . . Prioritize 1 | . . . . . . . . . . . 1 . . . . . . . . . . . . . . Siphon 1 | . . . . . . . . . . . 1 . . . . . . . . . . . . . . Repair Stations . | . . . . . . . . . . . . . . . . . . . . . . . . . . Recycling Units 5 | . 1 . . . . . 1 . . . 2 . . . 1 . . . . . . . . . . Tunnel 5 | . 1 . . . . . 1 . . . 2 . . . 1 . . . . . . . . . . Scanalyzers . | . . . . . . . . . . . . . . . . . . . . . . . . . . Garrison Access 4 | . . . . . . . . . . . . . . . . . . . 1 . 3 . . . . Reprogram 4 | . . . . . . . . . . . . . . . . . . . 1 . 3 . . . . Data Cores Recovered 1 | . . . . . . . . . . . . . 1 . . . . . . . . . . . . Used . | . . . . . . . . . . . . . . . . . . . . . . . . . . Hacking Detections 99 | . 6 1 8 . . . 11 . 4 . 7 . 3 . 18 . 5 . 7 . 16 9 2 . 2 Full Trace Events 3 | . . . 2 . . . . . . . . . 1 . . . . . . . . . . . . Feedback Events . | . . . . . . . . . . . . . . . . . . . . . . . . . . Feedback Blocked . | . . . . . . . . . . . . . . . . . . . . . . . . . . Robot Schematics Acquired . | . . . . . . . . . . . . . . . . . . . . . . . . . . Robots Built . | . . . . . . . . . . . . . . . . . . . . . . . . . . Matter . | . . . . . . . . . . . . . . . . . . . . . . . . . . Time . | . . . . . . . . . . . . . . . . . . . . . . . . . . Total Robot Build Rating . | . . . . . . . . . . . . . . . . . . . . . . . . . . Part Schematics Acquired 4 | . 2 . 1 . . . . . . . . . . . 1 . . . . . . . . . . Parts Built 3 | . . . . . . . . . . . 2 . . . . . . . 1 . . . . . . Matter 254 | . . . . . . . . . . . 152 . . . . . . . 102 . . . . . . Time 127 | . . . . . . . . . . . 102 . . . . . . . 25 . . . . . . Total Part Build Rating 3 | . . . . . . . . . . . 2 . . . . . . . 1 . . . . . . Parts Repaired 12 | . . . . . . . 1 . 1 . 2 . . . 4 . . . 2 . 2 . . . . Time 513 | . . . . . . . 25 . 38 . 88 . . . 176 . . . 52 . 134 . . . . Parts Recycled . | . . . . . . . . . . . . . . . . . . . . . . . . . . Recycled Matter . | . . . . . . . . . . . . . . . . . . . . . . . . . . Retrieved Matter . | . . . . . . . . . . . . . . . . . . . . . . . . . . Retrieved Components 21 | . 10 . . . . . . . . . 1 . . . 10 . . . . . . . . . . Parts Scanalyzed 2 | . . . 1 . . . . . . . . . . . 1 . . . . . . . . . . Part Schematics Acquired 2 | . . . 1 . . . . . . . . . . . 1 . . . . . . . . . . Parts Damaged 1 | . . . . . . . . . . . . . . . 1 . . . . . . . . . . Bothacking | -11 -10 -10 -9 -9 -9 -8 -8 -8 -8 -8 -7 -7 -7 -7 -7 -7 -6 -6 -6 -6 -6 -6 -6 -6 -6 ------------ Run | Scr Mat Min Mat Min Exi Min Mat Gar Mat Gar Fac Was Fac Gar Fac Gar Fac Was Fac Gar Fac Ext Cet Arc Hub Used RIF Installer 5 | . . . . . . . . 1 . 1 . . . 1 . 1 . . . 1 . . . . . Zone Cloak 2 | . . . . . . . . . . . . . . . . 1 . . . 1 . . . . . Patrol Navigation 1 | . . . . . . . . . . 1 . . . . . . . . . . . . . . . Alert ID Control 1 | . . . . . . . . . . . . . . 1 . . . . . . . . . . . Robots Hacked 60 | . . . . . 5 . . . . . 3 6 6 3 7 5 3 5 10 1 4 2 . . . Non-combat 36 | . . . . . 3 . . . . . 3 . 6 . 6 . 3 . 10 . 4 1 . . . Combat 24 | . . . . . 2 . . . . . . 6 . 3 1 5 . 5 . 1 . 1 . . . Robot Hacks Applied 77 | . . . . . 5 . . . . . 4 7 8 3 11 6 3 5 12 2 8 3 . . . parse_system 7 | . . . . . 5 . . . . . . . . . . 1 . . . . . 1 . . . no_distress 2 | . . . . . . . . . . . . . 1 . 1 . . . . . . . . . . find_chute 2 | . . . . . . . . . . . 1 . . . . . 1 . . . . . . . . find_fabricator 1 | . . . . . . . . . . . . . 1 . . . . . . . . . . . . drop_inventory 10 | . . . . . . . . . . . . . 2 . 3 . 1 . 3 . 1 . . . . find_recycling 1 | . . . . . . . . . . . . . . . . . . . 1 . . . . . . ignore_parts 8 | . . . . . . . . . . . . . 3 . . . . . 5 . . . . . . purge_threat 13 | . . . . . . . . . . . 1 . . . 2 . 1 . 2 . 5 2 . . . locate_traps 3 | . . . . . . . . . . . 1 . . . 2 . . . . . . . . . . block_reporting 5 | . . . . . . . . . . . . . 1 . 1 . . . 1 . 2 . . . . map_route 1 | . . . . . . . . . . . 1 . . . . . . . . . . . . . . ignore_targets 12 | . . . . . . . . . . . . 7 . . . . . 5 . . . . . . . amplify_resonance 4 | . . . . . . . . . . . . . . . 1 3 . . . . . . . . . reboot_system 3 | . . . . . . . . . . . . . . . . 1 . . . 2 . . . . . overwrite_iff 3 | . . . . . . . . . . . . . . 1 1 1 . . . . . . . . . formatsys_high 2 | . . . . . . . . . . . . . . 2 . . . . . . . . . . . Relay Couplers Released 74 | . . . . . . . . 10 . 9 . . . 13 . 16 1 . 3 17 4 . . . 1 Machine Destruction 71 | . . . . . . . . 10 . 9 . . . 13 . 16 1 . . 17 4 . . . 1 Programmers 3 | . . . . . . . . . . . . . . . . . . . 3 . . . . . . Attached 21 | . . . . . . . . . . . 3 1 . 4 2 3 . 1 1 3 2 1 . . . Robots Rewired 28 | . . . . . . . . 6 . . 1 . . . . . . . 2 . . 19 . . . Allies Hacked 1 | . . . . . . . . . . . . . . . . . . . . . 1 . . . . Hacks Repelled . | . . . . . . . . . . . . . . . . . . . . . . . . . . Allies | -11 -10 -10 -9 -9 -9 -8 -8 -8 -8 -8 -7 -7 -7 -7 -7 -7 -6 -6 -6 -6 -6 -6 -6 -6 -6 -------- Run | Scr Mat Min Mat Min Exi Min Mat Gar Mat Gar Fac Was Fac Gar Fac Gar Fac Was Fac Gar Fac Ext Cet Arc Hub Total Allies 60 | . . . . 4 . . . 6 . . 1 1 . 3 1 1 . . 3 . 4 31 5 . . Largest Group 12 | . . . . 4 2 . . 6 6 . 1 1 . 1 1 1 . . 2 1 2 12 12 12 7 Highest-Rated Group 812 | . . . . 71 42 . . 228 228 . 16 31 . 32 32 9 . . 64 32 64 400 812 809 408 Highest-Rated Ally 156 | . . . . 31 26 . . 38 38 . 16 31 . 32 32 9 . . 32 32 32 156 149 149 94 Total Orders 22 | . . . . 2 3 . . 2 3 . . . . 4 . . . . 2 . . . 6 . . STAY 12 | . . . . 1 2 . . 1 2 . . . . 2 . . . . 1 . . . 3 . . FOLLOW 9 | . . . . 1 1 . . 1 1 . . . . 2 . . . . . . . . 3 . . EXPLORE 1 | . . . . . . . . . . . . . . . . . . . 1 . . . . . . Ally Attacks 450 | . . . . 34 1 . . . 14 . 3 33 . 10 11 4 . . 4 4 18 156 46 44 68 Total Damage 10993 | . . . . 370 1 . . . 546 . 29 575 . 254 361 43 . . 182 93 391 3420 1437 1396 1895 Kills 85 | . . . . 5 . . . . 7 . . 1 . 4 2 . . . 2 . 2 24 10 11 17 Allies Corrupted . | . . . . . . . . . . . . . . . . . . . . . . . . . . Allies Melted . | . . . . . . . . . . . . . . . . . . . . . . . . . . Intel | -11 -10 -10 -9 -9 -9 -8 -8 -8 -8 -8 -7 -7 -7 -7 -7 -7 -6 -6 -6 -6 -6 -6 -6 -6 -6 ------- Run | Scr Mat Min Mat Min Exi Min Mat Gar Mat Gar Fac Was Fac Gar Fac Gar Fac Was Fac Gar Fac Ext Cet Arc Hub Robot Analysis Total 5 | . 2 . 2 . . . 1 . . . . . . . . . . . . . . . . . . Derelict Logs Recovered 3 | . . 2 . 1 . . . . . . . . . . . . . . . . . . . . . Drone Launches 2 | . . . . . . . . . . . . . . . . . . . 2 . . . . . . Drone Recoveries . | . . . . . . . . . . . . . . . . . . . . . . . . . . Exploration | -11 -10 -10 -9 -9 -9 -8 -8 -8 -8 -8 -7 -7 -7 -7 -7 -7 -6 -6 -6 -6 -6 -6 -6 -6 -6 ------------- Run | Scr Mat Min Mat Min Exi Min Mat Gar Mat Gar Fac Was Fac Gar Fac Gar Fac Was Fac Gar Fac Ext Cet Arc Hub Turns Passed 77137 | 9 1846 1239 2185 1249 3727 1264 2735 9637 1519 8917 1809 1613 2121 9624 3758 5524 1819 525 2844 6553 3721 1811 576 89 423 Spaces Moved 23421 | 1 949 644 871 514 1734 572 1198 1819 490 1290 703 313 971 1682 1781 1180 829 213 1219 1358 1746 831 242 43 228 Core 593 | . . . . . . . . 266 . 258 . . . 69 . . . . . . . . . . . Treads 22456 | . 578 644 871 514 1734 572 1198 1553 490 1032 703 313 971 1613 1781 1180 829 213 1219 1358 1746 831 242 43 228 Legs 50 | 1 49 . . . . . . . . . . . . . . . . . . . . . . . . Wheels 322 | . 322 . . . . . . . . . . . . . . . . . . . . . . . . Hover . | . . . . . . . . . . . . . . . . . . . . . . . . . . Flight . | . . . . . . . . . . . . . . . . . . . . . . . . . . Fastest Speed 80 | 120 80 180 180 200 180 200 180 186 183 180 180 180 180 180 172 172 180 160 160 160 160 160 160 160 160 Average Speed 230 | 120 154 180 199 200 189 212 183 480 202 524 198 184 180 267 175 178 185 179 177 189 175 177 162 160 160 Slowest Speed 2100 | 120 220 180 260 200 220 220 206 2100 225 1900 200 200 240 2100 180 180 200 180 180 220 200 220 180 160 160 Overloaded Moves . | . . . . . . . . . . . . . . . . . . . . . . . . . . Propulsion Burnouts . | . . . . . . . . . . . . . . . . . . . . . . . . . . Robots Hopped . | . . . . . . . . . . . . . . . . . . . . . . . . . . Cave-ins Triggered . | . . . . . . . . . . . . . . . . . . . . . . . . . . Exploration Rate (%) 68 | 1 98 98 78 94 90 96 93 81 47 86 20 85 33 93 61 99 22 85 36 82 57 84 64 66 28 Regions Visited 25 Branch Regions 8 Pre-discovered Areas 7 | . 1 1 . . 1 . 1 . . . 2 . . . 1 . . . . . . . . . . Known Exits Taken 7 | . . . 1 . . . 1 . 1 . . . 1 . 1 . . . 1 . 1 . . . . Unknown Exits Taken 9 | 1 1 1 . 1 1 1 . . . . . . . . . . . . . . . 1 1 1 . Scrap Searched 4 | . . 1 . 2 . 1 . . . . . . . . . . . . . . . . . . . Spaces Dug 65 | . . . . . 7 . 1 2 . . 1 . 2 3 2 . . . 12 2 26 2 . . 5 Terrain Destroyed 861 | . . 24 60 15 14 32 13 22 46 126 31 4 15 20 4 88 32 2 46 39 180 25 15 . 8 Melee 12 | . . . . . 2 . 1 . . . . . 2 2 1 . . . 2 2 . . . . . Projectile 102 | . . . . . 5 . . 2 3 2 4 4 . 4 3 . . 2 14 . 48 3 . . 8 AOE 747 | . . 24 60 15 7 32 12 20 43 124 27 . 13 14 . 88 32 . 30 37 132 22 15 . . Terrain Rammed . | . . . . . . . . . . . . . . . . . . . . . . . . . . Walls Destroyed . | . . . . . . . . . . . . . . . . . . . . . . . . . . Machines Disabled . | . . . . . . . . . . . . . . . . . . . . . . . . . . Actions | -11 -10 -10 -9 -9 -9 -8 -8 -8 -8 -8 -7 -7 -7 -7 -7 -7 -6 -6 -6 -6 -6 -6 -6 -6 -6 --------- Run | Scr Mat Min Mat Min Exi Min Mat Gar Mat Gar Fac Was Fac Gar Fac Gar Fac Was Fac Gar Fac Ext Cet Arc Hub Total 43984 | 3 1205 697 1186 733 2061 600 1523 2635 835 3354 1001 1232 1237 6707 2285 4516 1020 306 1709 5143 2198 1060 409 63 266 Wait 16922 | . 102 20 162 205 167 9 116 679 164 1958 135 683 141 4769 278 3173 54 4 217 3524 172 47 119 21 3 Move 23403 | . 948 643 870 513 1733 571 1198 1818 490 1289 703 312 971 1681 1781 1179 829 212 1219 1357 1745 830 241 42 228 Hop . | . . . . . . . . . . . . . . . . . . . . . . . . . . Pick Up 392 | . 32 4 24 3 28 . 23 6 19 6 20 20 8 30 23 15 17 3 33 33 25 10 7 . 3 Fast Attach 164 | . 5 . 5 . 4 . 6 1 4 1 . 17 4 13 21 4 6 9 22 14 15 7 6 . . Attach 126 | . 9 . 7 . 10 1 4 2 8 2 10 23 . 17 2 6 3 1 3 6 7 3 1 . 1 Detach 77 | . 3 . . . 7 . . 1 4 1 . 20 . 11 4 6 3 . 2 4 7 . 3 . 1 Swap 528 | . 13 6 17 2 6 4 17 11 13 18 43 13 39 32 36 30 28 5 52 41 56 36 6 . 4 Drop 511 | . 24 4 22 5 28 . 31 8 21 9 17 41 13 33 42 19 23 17 33 42 34 24 16 . 5 Fire 1633 | 3 66 18 75 2 68 10 120 56 100 66 73 103 54 86 82 62 54 55 120 102 134 95 10 . 19 Melee 40 | . . . . . 8 . 5 2 . . . . 3 8 2 . . . 2 10 . . . . . Ram 1 | . . . . . . . . . . . . . 1 . . . . . . . . . . . . Kick . | . . . . . . . . . . . . . . . . . . . . . . . . . . Crush 61 | . 3 2 4 3 . 5 3 . 12 . . . 3 . 14 . 3 . 4 . 1 2 . . 2 Escape Stasis 82 | . . . . . . . . 12 . 4 . . . 26 . 22 . . . 10 2 6 . . . Rewire 42 | . . . . . . . . 39 . . . . . 1 . . . . 2 . . . . . . Trap 2 | . . . . . 2 . . . . . . . . . . . . . . . . . . . . Miscellaneous . | . . . . . . . . . . . . . . . . . . . . . . . . . . Route ------- -11/Scrapyard -10/Materials (discovered 4 exits: *Mat x3 / *Min) -10/Mines (discovered 2 exits: *Mat x2) -9/Materials (discovered 4 exits: *Mat x3 / *Min) -9/Mines (discovered 3 exits: *Mat x2 / *Exi) -9/Exiles (discovered 2 exits: [*Min x2]) -8/Mines (discovered 2 exits: *Mat x2) -8/Materials (discovered 4 exits: *Fac x3 / Gar) -8/Garrison (discovered 2 exits: *Mat x2) -8/Materials -8/Garrison (discovered 3 exits: *Fac x3) -7/Factory -7/Waste -7/Factory (discovered 2 exits: *Fac / Gar) -7/Garrison (discovered 3 exits: *Fac x3) -7/Factory (discovered 4 exits: *Fac / *Sto / [*Low] / Gar) -7/Garrison (discovered 3 exits: *Fac x3) -6/Factory -6/Waste -6/Factory (discovered 6 exits: [*Fac] / *Low x2 / Ext x2 / Gar) -6/Garrison (discovered 3 exits: *Fac x3) -6/Factory (discovered 4 exits: *Low x2 / *Ext x2) -6/Extension (discovered 2 exits: [*Fac] / *Cet) -6/Cetus (discovered 2 exits: [*Fac] / *Arc) -6/Archives (discovered 2 exits: *Hub x2) -6/Hub_04(d) (discovered 2 exits: [*Fac x2]) History --------- Turn | Location | Event 10 | -11/Scrapyard | Discovered new exit (range 0) 10 | -11/Scrapyard | Entered Materials 166 | -10/Materials | Discovered new exit (range 8) 219 | -10/Materials | Discovered new exit (range 7) 303 | -10/Materials | Build established: Mutant 388 | -10/Materials | Discovered new exit (range 8) 610 | -10/Materials | Discovered new exit (range 5) 1204 | -10/Materials | Build established: Hauler-Mutant 1856 | -10/Materials | Entered Mines 1857 | -10/Mines | Assembled infested the area 1862 | -10/Mines | Assisted by a Guerilla fighting off Assembled 2015 | -10/Mines | Learned Materials terminal intel 2256 | -10/Mines | Discovered new exit (range 6) 2501 | -10/Mines | Found a hidden stash of uninstalled traps 2669 | -10/Mines | Learned location of Zion (-6) 2675 | -10/Mines | Discovered new exit (range 10) 3095 | -10/Mines | Entered Materials 3095 | -9/Materials | Evolved 2 slots: Utility x2 3096 | -9/Materials | Loaded intel: 12 terminal locations 3611 | -9/Materials | Discovered new exit (range 15) 4421 | -9/Materials | Identified exit to Mines 4583 | -9/Materials | Discovered new exit (range 5) 5130 | -9/Materials | Discovered new exit (range 10) 5280 | -9/Materials | Entered Mines 5326 | -9/Mines | Assisted by bots powering up and referring to "LRC-V3" 5348 | -9/Mines | Deemed a non-threat by the Exiles lab entrance 5407 | -9/Mines | Met a Derelict testing a Signal Generator 5820 | -9/Mines | Met a Derelict shopkeep closing up shop 6215 | -9/Mines | Learned Materials trap positions 6277 | -9/Mines | Discovered new exit (range 15) 6417 | -9/Mines | Discovered new exit (range 14) 6424 | -9/Mines | Received a Rocket Launcher from a helpful Derelict 6503 | -9/Mines | Discovered new exit (range 5) 6529 | -9/Mines | Entered Exiles 6529 | -9/Exiles | Accompanied by 2 allies 6555 | -9/Exiles | Discovered new exit (range 15) 6579 | -9/Exiles | Met 8R-AWN 6611 | -9/Exiles | Met EX-HEX 6746 | -9/Exiles | Met EX-BIN 6877 | -9/Exiles | Met EX-DEC 6961 | -9/Exiles | Visited The Gauntlet 7125 | -9/Exiles | Aligned with FarCom system 7127 | -9/Exiles | Given EX-Vault access code 7187 | -9/Exiles | Opened EX-Vault 7239 | -9/Exiles | Warned to stay clear of 0b10 Research branches 7617 | -9/Exiles | Discovered new exit (range 14) 7926 | -9/Exiles | Build established: Mutant 8183 | -9/Exiles | Found AWS/Thermal 8701 | -9/Exiles | Attacked by the Exiles 8880 | -9/Exiles | Destroyed 8R-AWN 8893 | -9/Exiles | Lost 4 parts (1n1u2w) 8897 | -9/Exiles | Found AS-neutralizer No. 17b 8909 | -9/Exiles | Found 8R-AWN's Boregun 9328 | -9/Exiles | Destroyed EX-DEC 9347 | -9/Exiles | Destroyed EX-BIN 9407 | -9/Exiles | Destroyed EX-HEX 9919 | -9/Exiles | Found 8R-AWN's Armor/EX 9940 | -9/Exiles | Found Exp. Targeting Computer 10127 | -9/Exiles | Build established: Hauler-Mutant 10256 | -9/Exiles | Entered Mines 10667 | -8/Mines | Discovered new exit (range 8) 10703 | -8/Mines | Discovered new exit (range 8) 11520 | -8/Mines | Entered Materials 11520 | -8/Materials | Evolved 2 slots: Propulsion x1, Utility x1 11521 | -8/Materials | Loaded intel: 13 trap records 12095 | -8/Materials | Discovered new exit (range 3) 13089 | -8/Materials | Discovered new exit (range 5) 13291 | -8/Materials | Discovered new exit (range 14) 13649 | -8/Materials | Repaired Cld. Ion Engine 14255 | -8/Materials | Identified exit to Garrison 14255 | -8/Materials | Entered Garrison 14351 | -8/Garrison | Triggered checkpoint 14428 | -8/Garrison | Triggered checkpoint 14588 | -8/Garrison | Discovered new exit (range 15) 14785 | -8/Garrison | Discovered new exit (range 15) 14829 | -8/Garrison | Installed Relay Interface Framework 15702 | -8/Garrison | Triggered checkpoint 15813 | -8/Garrison | Garrison Relay disabled 19154 | -8/Garrison | Garrison Relay disabled 22958 | -8/Garrison | Build established: Commander-Mutant 23746 | -8/Garrison | Triggered checkpoint 23892 | -8/Garrison | Entered Materials 23892 | -8/Materials | Accompanied by 6 allies 24398 | -8/Materials | Repaired Arm. Treads 24692 | -8/Materials | First assault squad dispatched 24834 | -8/Materials | Lost 3 parts (1n2w) 25273 | -8/Materials | Garrison activated, responded to threat 25411 | -8/Materials | Identified exit to Garrison 25411 | -8/Materials | Entered Garrison 25495 | -8/Garrison | Triggered checkpoint 25680 | -8/Garrison | Build established: Hauler-Mutant 27245 | -8/Garrison | Discovered new exit (range 11) 27274 | -8/Garrison | Expanded RIF knowledge: Watcher Feeds 27316 | -8/Garrison | Triggered checkpoint 27353 | -8/Garrison | Garrison Relay disabled 30252 | -8/Garrison | Discovered new exit (range 9) 31885 | -8/Garrison | Triggered checkpoint 33077 | -8/Garrison | Discovered new exit (range 14) 33250 | -8/Garrison | Triggered checkpoint 33564 | -8/Garrison | Build established: Scavenger-Mutant 33584 | -8/Garrison | Triggered checkpoint 34292 | -8/Garrison | Phase Generator disabled 34328 | -8/Garrison | Entered Factory 34328 | -7/Factory | Evolved 2 slots: Utility x2 34709 | -7/Factory | Fabricated Hcp. Storage Unit (x1) 34743 | -7/Factory | Fabricated Hcp. Storage Unit (x1) 35512 | -7/Factory | Garrison activated, responded to threat 35563 | -7/Factory | Destroyed 7 combat bots 35608 | -7/Factory | Discovered new exit (range 7) 35686 | -7/Factory | Repaired Gauss Rifle 35790 | -7/Factory | Repaired Gauss Rifle 36124 | -7/Factory | Destroyed 7 combat bots 36137 | -7/Factory | Sucked down chute 36137 | -7/Factory | Entered Waste 36138 | -7/Waste | Met a frightened Derelict 36152 | -7/Waste | EMP discharged 36155 | -7/Waste | Spotted C-40 Crusher 36170 | -7/Waste | Spotted C-40 Crusher 36178 | -7/Waste | Spotted C-40 Crusher 36208 | -7/Waste | Spotted C-40 Crusher 36225 | -7/Waste | Allies destroyed C-40 Crusher 36241 | -7/Waste | Spotted C-40 Crusher 36252 | -7/Waste | EMP discharged 36252 | -7/Waste | System corruption reached 10% 36338 | -7/Waste | Spotted C-40 Crusher 36352 | -7/Waste | EMP discharged 36418 | -7/Waste | Destroyed C-40 Crusher 36452 | -7/Waste | EMP discharged 36452 | -7/Waste | System corruption reached 30% 36541 | -7/Waste | Destroyed C-40 Crusher 36549 | -7/Waste | Found Damper Plating 36552 | -7/Waste | EMP discharged 36652 | -7/Waste | EMP discharged 36669 | -7/Waste | Destroyed C-40 Crusher 36702 | -7/Waste | Found Damper Plating 36733 | -7/Waste | Destroyed C-40 Crusher 36752 | -7/Waste | EMP discharged 36773 | -7/Waste | Destroyed C-40 Crusher 36852 | -7/Waste | EMP discharged 36881 | -7/Waste | Discovered new exit (range 15) 36952 | -7/Waste | EMP discharged 37052 | -7/Waste | EMP discharged 37152 | -7/Waste | EMP discharged 37232 | -7/Waste | Build established: Hauler-Mutant 37252 | -7/Waste | EMP discharged 37352 | -7/Waste | EMP discharged 37452 | -7/Waste | EMP discharged 37552 | -7/Waste | EMP discharged 37652 | -7/Waste | EMP discharged 37750 | -7/Waste | Entered Factory 38190 | -7/Factory | Garrison activated, responded to threat 38903 | -7/Factory | Found Prototype Launcher 38909 | -7/Factory | Identified Rocket Array 39062 | -7/Factory | Discovered new exit (range 11) 39871 | -7/Factory | Identified exit to Garrison 39871 | -7/Factory | Entered Garrison 41245 | -7/Garrison | Lost 4 parts (1p2u1w) 43912 | -7/Garrison | Triggered checkpoint 43976 | -7/Garrison | Garrison Relay disabled 44173 | -7/Garrison | Triggered checkpoint 44285 | -7/Garrison | Build established: Scavenger-Mutant 44527 | -7/Garrison | Triggered checkpoint 44850 | -7/Garrison | Discovered new exit (range 12) 44948 | -7/Garrison | Triggered checkpoint 44977 | -7/Garrison | Garrison Relay disabled 45232 | -7/Garrison | Discovered new exit (range 10) 45274 | -7/Garrison | Build established: Bothacker-Mutant 46931 | -7/Garrison | Garrison Relay disabled 47003 | -7/Garrison | Triggered checkpoint 47105 | -7/Garrison | Discovered new exit (range 13) 47139 | -7/Garrison | Expanded RIF knowledge: Alert ID Control 47799 | -7/Garrison | Triggered checkpoint 47874 | -7/Garrison | Triggered checkpoint 47919 | -7/Garrison | Garrison Relay disabled 48132 | -7/Garrison | Triggered checkpoint 48232 | -7/Garrison | Triggered checkpoint 49117 | -7/Garrison | Phase Generator disabled 49495 | -7/Garrison | Entered Factory 49495 | -7/Factory | Accompanied by 1 ally 50889 | -7/Factory | Discovered new exit (range 32) 51344 | -7/Factory | Core integrity fell below 50% 51359 | -7/Factory | Discovered new exit (range 16) 51722 | -7/Factory | Discovered new exit (range 31) 51784 | -7/Factory | Identified exit to Storage 52022 | -7/Factory | Repaired Imp. Deuterium Engine 52323 | -7/Factory | Build established: Hauler-Mutant 52851 | -7/Factory | Repaired Hvy. Treads 52891 | -7/Factory | Repaired Imp. Weapon Shielding 52929 | -7/Factory | Repaired Hvy. Armor Plating 53168 | -7/Factory | Garrison activated, responded to threat 53253 | -7/Factory | Identified exit to Garrison 53253 | -7/Factory | Entered Garrison 53865 | -7/Garrison | Triggered checkpoint 53923 | -7/Garrison | Garrison Relay disabled 54247 | -7/Garrison | Build established: Bothacker-Mutant 55323 | -7/Garrison | Triggered checkpoint 55493 | -7/Garrison | Triggered checkpoint 55758 | -7/Garrison | Discovered new exit (range 9) 55878 | -7/Garrison | Triggered checkpoint 55966 | -7/Garrison | Garrison Relay disabled 56004 | -7/Garrison | Discovered new exit (range 15) 56040 | -7/Garrison | Expanded RIF knowledge: Zone Cloak 57002 | -7/Garrison | Triggered checkpoint 57044 | -7/Garrison | Garrison Relay disabled 57159 | -7/Garrison | Discovered new exit (range 12) 57659 | -7/Garrison | Phase Generator disabled 57870 | -7/Garrison | Triggered checkpoint 58030 | -7/Garrison | Garrison Relay disabled 58777 | -7/Garrison | Entered Factory 58777 | -6/Factory | Evolved 2 slots: Propulsion x1, Utility x1 59498 | -6/Factory | Garrison activated, responded to threat 60527 | -6/Factory | First assault squad dispatched 60596 | -6/Factory | Sucked down chute 60596 | -6/Factory | Entered Waste 60611 | -6/Waste | EMP discharged 60682 | -6/Waste | Spotted C-40 Crusher 60682 | -6/Waste | Spotted C-40 Crusher 60687 | -6/Waste | Spotted C-40 Crusher 60709 | -6/Waste | Destroyed C-40 Crusher 60711 | -6/Waste | EMP discharged 60735 | -6/Waste | Spotted C-40 Crusher 60739 | -6/Waste | Spotted C-40 Crusher 60788 | -6/Waste | Destroyed C-40 Crusher 60807 | -6/Waste | Found Damper Plating 60811 | -6/Waste | EMP discharged 60814 | -6/Waste | Destroyed C-40 Crusher 60829 | -6/Waste | Destroyed C-40 Crusher 60862 | -6/Waste | Found Damper Plating 60880 | -6/Waste | Destroyed C-40 Crusher 60911 | -6/Waste | EMP discharged 60933 | -6/Waste | Destroyed C-40 Crusher 61011 | -6/Waste | EMP discharged 61101 | -6/Waste | Discovered new exit (range 10) 61111 | -6/Waste | EMP discharged 61121 | -6/Waste | Entered Factory 61385 | -6/Factory | Discovered new exit (range 14) 61715 | -6/Factory | Assembled infested ambush trap array 62094 | -6/Factory | Build established: Scavenger-Mutant 62156 | -6/Factory | Found Scatter Rocket Array 62256 | -6/Factory | Repaired Hcp. Storage Unit 62317 | -6/Factory | Repaired Hcp. Storage Unit 62381 | -6/Factory | Garrison activated, responded to threat 62522 | -6/Factory | Identified exit to Lower Caves 62522 | -6/Factory | Identified exit to Extension 62625 | -6/Factory | Build established: Hauler-Mutant 63530 | -6/Factory | Discovered new exit (range 8) 63548 | -6/Factory | Spotted B-75 Beast 63927 | -6/Factory | Fabricated Hcp. Storage Unit (x1) 63965 | -6/Factory | Identified exit to Garrison 63965 | -6/Factory | Entered Garrison 63965 | -6/Garrison | Accompanied by 1 ally 63973 | -6/Garrison | Expanded RIF knowledge: Zone Cloak 64853 | -6/Garrison | Triggered checkpoint 64996 | -6/Garrison | Build established: Scavenger-Mutant 65259 | -6/Garrison | Garrison Relay disabled 65589 | -6/Garrison | Build established: Bothacker-Mutant 66840 | -6/Garrison | Triggered checkpoint 66852 | -6/Garrison | Triggered checkpoint 66871 | -6/Garrison | Spotted B-75 Beast 67008 | -6/Garrison | Destroyed B-75 Beast 67151 | -6/Garrison | Triggered checkpoint 67465 | -6/Garrison | Build established: Scavenger-Mutant 67467 | -6/Garrison | Discovered new exit (range 14) 67920 | -6/Garrison | Triggered checkpoint 68071 | -6/Garrison | Discovered new exit (range 14) 68857 | -6/Garrison | Discovered new exit (range 13) 69164 | -6/Garrison | Garrison Relay disabled 69900 | -6/Garrison | Triggered checkpoint 69921 | -6/Garrison | Garrison Relay disabled 70360 | -6/Garrison | Triggered checkpoint 70448 | -6/Garrison | Garrison Relay disabled 70518 | -6/Garrison | Entered Factory 70868 | -6/Factory | First assault squad dispatched 71014 | -6/Factory | Spotted B-75 Beast 71672 | -6/Factory | Build established: Hauler-Mutant 72924 | -6/Factory | Repaired Hvy. Treads 73004 | -6/Factory | Repaired Broken Hvy. Treads 73167 | -6/Factory | Found Prototype Processor 73182 | -6/Factory | Identified Exp. Terrain Scan Processor 73678 | -6/Factory | Destroyed 7 combat bots 74239 | -6/Factory | Entered Extension 74311 | -6/Extension | Core integrity fell below 50% 74418 | -6/Extension | Rescued a captive Derelict 74419 | -6/Extension | Rescued a captive Derelict 74865 | -6/Extension | Rescued a captive Derelict 74911 | -6/Extension | Build established: Commander-Mutant 74934 | -6/Extension | Rescued a captive Derelict 74935 | -6/Extension | Rescued a captive Derelict 75279 | -6/Extension | Spotted B-75 Beast 75297 | -6/Extension | Allies destroyed B-75 Beast 75312 | -6/Extension | Spotted B-75 Beast 75339 | -6/Extension | Disrupted transfer network 75342 | -6/Extension | Destroyed B-75 Beast 75446 | -6/Extension | Destroyed 11 combat bots 75450 | -6/Extension | Rescued a captive Derelict 75500 | -6/Extension | Rescued A7 75641 | -6/Extension | Door terminal overloaded 75642 | -6/Extension | Rescued a captive Derelict 75643 | -6/Extension | Rescued a captive Derelict 75659 | -6/Extension | Build established: Scavenger-Mutant 75742 | -6/Extension | Rescued a captive Derelict 75986 | -6/Extension | Rescued a captive Derelict 75993 | -6/Extension | Rescued a captive Derelict 76025 | -6/Extension | Discovered new exit (range 10) 76027 | -6/Extension | Discovered new exit (range 6) 76050 | -6/Extension | Entered Cetus 76050 | -6/Cetus | Accompanied by 8 allies (A7) 76055 | -6/Cetus | Acquired a Cetus Manufacturing Module code from A7 76080 | -6/Cetus | Spotted Cetus Guard 76080 | -6/Cetus | Spotted Cetus Guard 76080 | -6/Cetus | Spotted Cetus Guard 76081 | -6/Cetus | Allies destroyed Cetus Guard 76084 | -6/Cetus | Destroyed Cetus Guard 76085 | -6/Cetus | Spotted Cetus Guard 76085 | -6/Cetus | Destroyed Cetus Guard 76088 | -6/Cetus | Destroyed Cetus Guard 76187 | -6/Cetus | Started Cetus Manufacturing Module 76202 | -6/Cetus | Escorted A7 to Cetus Mainframe 76212 | -6/Cetus | Manufactured an Enhanced Grunt 76237 | -6/Cetus | Manufactured an Enhanced Grunt 76262 | -6/Cetus | Manufactured an Enhanced Grunt 76262 | -6/Cetus | Discovered new exit (range 16) 76287 | -6/Cetus | Manufactured an Enhanced Grunt 76312 | -6/Cetus | Manufactured an Enhanced Grunt 76372 | -6/Cetus | Discovered new exit (range 27) 76385 | -6/Cetus | Allies destroyed Cetus Guard 76385 | -6/Cetus | Spotted Cetus Guard 76388 | -6/Cetus | Destroyed Cetus Guard 76388 | -6/Cetus | Destroyed Cetus Guard 76389 | -6/Cetus | Destroyed Cetus Guard 76414 | -6/Cetus | Met Revision 17 76496 | -6/Cetus | Build established: Commander-Mutant 76503 | -6/Cetus | Cetus Manufacturing Module disabled 76626 | -6/Cetus | Entered Archives 76626 | -6/Archives | Accompanied by 12 allies (A7) 76631 | -6/Archives | Received a hacking code to weaken MAIN.C 76646 | -6/Archives | Met Zhirov 76652 | -6/Archives | Reinforcements dispatched to Archives 76655 | -6/Archives | Discovered new exit (range 16) 76665 | -6/Archives | Read partially decrypted archive contents 76670 | -6/Archives | Discovered new exit (range 14) 76697 | -6/Archives | Reinforcements dispatched to Archives 76715 | -6/Archives | Entered Hub_04(d) 76715 | -6/Hub_04(d) | Accompanied by 7 allies 76824 | -6/Hub_04(d) | Found Prototype Processor 76828 | -6/Hub_04(d) | Identified Exp. Signal Interpreter 76966 | -6/Hub_04(d) | Discovered new exit (range 10) 77044 | -6/Hub_04(d) | Discovered new exit (range 13) 77065 | -6/Hub_04(d) | First assault squad dispatched 77106 | -6/Hub_04(d) | Build established: Hauler-Mutant 77138 | -6/Hub_04(d) | Self-destructed Last Messages --------------- 77118_ U-05 Engineer builds a Wall. 77118_ L-41 Fighter destroyed. 77120_ HV Slug penetrates Wall. 77121_ Destroyed Carbon-fiber Leg. 77123_ G-50 Soldier IFF system glitched. 77128_ U-05 Engineer builds a Wall. 77129_ Slug penetrates Enhanced Grunt. 77130_ L-41 Fighter suffers critical hit. 77130_ Destroyed Carbon-fiber Leg. 77131_ Emergency Access malfunctions. 77132_ Enhanced Grunt Prototype Storage blown off. 77132_ Enhanced Grunt Adv. Heat Sink blown off. 77132_ Enhanced Grunt Unknown Energy Cannon blown off. 77132_ Enhanced Grunt Lyr. Medium Armor Plating blown off. 77132_ E-15 Imp destroyed. 77132_ Slug penetrates Wall. 77134_ HV Slug penetrates B-48 Gladiator. 77134_ HV Slug penetrates Wall. 77135_ Slug penetrates Enhanced Grunt. 77137_ G-50 Soldier IFF system glitched. Map ----- +----------------------------------------------------+ | | | | | ???????????????????????#?????????????????????????? | | ????????????????????? ???????????????????????????? | | ?????????????????????????????????????????????????? | | ?????????????????????????????????????????????????? | | ?????????????? ???????????????????#??????????????? | | ?????????????????????????????????????????????????? | | ?????????????????????????????????#??#????????????? | | ?????????????????????????????????????????????????? | | ?????????????????#??????????#????#???????????#???? | | ????????????? ??????????????????????#???????#????? | | ?????????????????????????????????????????????????? | | ?????????????????????#???????????????????##??????? | | ?????????????????????#??????? ????????????#??????? | | ???????????????????????????"????????????#????#???? | | ?????????????????????????"???????#???#???????????# | | ???????????????????????????? ???#???????????????? | | ????????????????????????????? ???????#???????????? | | ???????????? ?????????#?????????? ? ?##???#??##?? | | ????????????????????????????? ? ?#????#######??### | | ????????????????????#?????##+##??###### ??# | | ??????????"?????????#;##### + # """ ?# < | | ????????????????????# # #? ! # ?# | | ???????????????? "??# + # # """ # | | ????????? ?????? # @# # # # | | ??????????????"" /% u # + # """ / | | ????????????? " = # # # # | | ????????????? " !!% # # # """ # | | ????????????? " ; [%*g#* #? # # | | ???????????? # =g%# #?################ | | ????????????#######?# ]k%# ################# | | ?????????? ???#?????# =l!# ^ T | | ??????? ?? ?????????; /b!h "" | | ???????????????#?#?## ] # ] | | ???????????????#????# !* ## ################## | | ????????????????? ? g%[ ?# #?????#???????######+ | | ????????? ??????????# =[ ?# #??#?##?#????#??# | | ?????????????????? ? #/##### ##???#??#?????### " " | | ?????????????????? ??#%?# #???????#??##### " " | | ???????????#?##???????#?# ############## # " " | | ????????????#???????????# + | | ??????????????? ? ?????## ##### ## " | | ??????????? ?????????"??# #???# """ """ ## " | | ????????????????????"???## ##???# ##!! " | | ????????????????????"????# #????# """ """ ##!! | | ?????????????#??? ????"??# #?#??# ##! | | ???????????????????? ? ??# #??#?# """ """ ###### | | ??????????????? ????? ??## ###??# # ?? # | | ????????????????????? ??# ############+## " | +----------------------------------------------------+ Best States ------------- Heat Dissipation 88 Energy Generation 25 Energy Capacity 850 Matter Stores 354 Matter Capacity 400 Sight Range 16 Terrain Scan Range 24 Terrain Scan Density 10 EM Shielding 2 Armor Coverage 2400 Resistance: TH 15 Resistance: EX 90 Resistance: EM 90 Propulsion Shielding 66 Weapon Shielding 66 Weapon Cycling 25 Evasion (%) 44 Armor Integrity Analysis 33 Recoil Reduction 4 Offensive Hacking 12 Relay Coupler Types 58 Relay Coupler Value 2 Item Schematics ----------------- Hcp. Storage Unit | -10/Materials | Hacked Lrg. Storage Unit | -10/Materials | Hacked Cmb. Airjet | -9/Materials | Scanalyzed Exp. Targeting Computer | -7/Factory | Scanalyzed Robot Schematics ------------------ None Fabricated ------------ Hcp. Storage Unit | x1 | -7/Factory Hcp. Storage Unit | x1 | -7/Factory Hcp. Storage Unit | x1 | -6/Factory Alien Tech Used ----------------- None Achievements -------------- Just Shoot The Terminal Challenges ------------ None Game ------ Seed ExperimentalExplosiveCycler Manual? 0 Play Time 06:54:22 Cumulative 297.6 hours Start 2021.01.07 @ 19:57:52 End 2021.01.10 @ 16:21:10 Sessions 5 Manual Loads 0 Difficulty Rogue Special Mode None Game No. 112 Rogue 111 Adventurer 1 Explorer 0 Win Type - Total 12 Types 7/1/2/1/0/0/1/0/0 Lore% 85 Gallery% 88 Achievement% 73 Wizard Run 0 Options --------- ASCII 1 Keyboard 0 Movement Numpad Keybinds 0 Fullscreen 0 Font 18/Smallcaps Map View 76x50 Tactical HUD 1 Map Filters NONE Filters NONE Steam X RUN: cc17f094-9dc0-46f3-83d9-c4ee30d179f9